Map: Pillars of Gold LE

Players

Massa

  • Race: Terran Terran
  • League: Platinum
  • Spawn Location: 7:00

Kadiriri - Winner!

  • Race: Zerg Zerg
  • League: Platinum
  • Spawn Location: 1:00

VOD

Have the link to the VOD?

Description

Time

  • Played on: Dec. 29, 2020, 12:53 p.m.
  • Length: 19:48
Show
View Real Time Build Order
Export as new Build Order

Massa Terran 

Build Orders: Reaper Expand 

Get SALT Encoding   

  12  0:00  SCV  
  13  0:12  SCV  
  14  0:20  Supply Depot  
  14  0:24  SCV  
  15  0:42  SCV  
  16  0:43  Barracks  
  16  0:48  Refinery  
  16  0:54  SCV  
  17  1:06  SCV  
  18  1:18  SCV  
  19  1:30  Orbital Command  
  19  1:35  Reaper  
  20  1:48  Command Center  
  20  1:59  SCV  
  21  2:07  Marine  
  22  2:11  SCV  
  23  2:23  Supply Depot  
  23  2:24  Supply Depot  
  23  2:45  SCV  
  24  2:57  SCV  
  25  3:02  Factory  
  25  3:09  SCV  
  25  3:10  Orbital Command, Barracks Tech Lab  
  26  3:16  Refinery  
  26  3:18  Barracks  
  26  3:21  SCV  
  27  3:33  SCV  
  28  3:34  Engineering Bay  
  28  3:35  SCV  
  28  3:39  Stimpack  
  28  3:40  Marine  
  30  3:45  SCV  
  30  3:47  SCV  
  31  3:49  Factory Tech Lab  
  31  3:57  SCV  
  31  3:58  Factory, Marine  
  31  3:59  SCV  
  34  4:09  Refinery, SCV  
  35  4:11  Barracks Tech Lab, Missile Turret, SCV  
  35  4:14  Missile Turret  
  36  4:21  SCV  
  36  4:22  Siege Tank  
  36  4:23  SCV, Marine  
  42  4:34  SCV  
  42  4:35  SCV  
  44  4:41  Marine  
  44  4:44  Barracks Reactor  
  45  4:46  SCV  
  45  4:47  SCV  
  47  4:53  Infernal Pre-Igniter  
  47  4:55  Hellion  
  47  4:58  SCV, Hellion  
  47  4:59  SCV, Marine  
  54  5:11  Starport  
  54  5:14  Supply Depot  
  54  5:16  Supply Depot  
  54  5:17  Supply Depot  
  54  5:20  Supply Depot  
  54  5:26  Refinery  
  54  5:35  Command Center  
  54  5:36  SCV x2, Hellion x2, Marine x2  
  62  5:44  Sensor Tower  
  62  5:48  SCV, Marine  
  64  5:50  Medivac  
  66  5:57  Hellion  
  68  6:04  Hellion  
  68  6:10  Marine  
  68  6:11  Marauder, Marine  
  74  6:19  Siege Tank  
  77  6:26  Hellion  
  77  6:28  Marine x2  
  77  6:32  Marauder  
  83  6:46  Marine x2  
  85  6:50  Barracks  
  85  6:51  Barracks x2  
  85  6:54  Marauder  
  83  7:08  SCV  
  83  7:09  SCV  
  83  7:11  Starport Tech Lab, Siege Tank  
  83  7:12  Siege Tank  
  83  7:15  Planetary Fortress  
  91  7:20  SCV  
  91  7:21  SCV  
  91  7:33  SCV x2  
  93  7:43  Siege Tank  
  94  7:44  Siege Tank  
  91  8:13  Marauder  
  91  8:14  Barracks Reactor, Barracks Tech Lab  
  91  8:15  Barracks Tech Lab, Marine x2  
  95  8:21  Combat Shield  
  95  8:33  Marine x2  
  95  8:34  Marauder, Supply Depot  
  97  8:35  Supply Depot  
  97  8:37  Command Center  
  99  8:46  Supply Depot  
  99  8:47  Supply Depot  
  99  8:50  Supply Depot  
  99  8:51  Marine x2  
  99  8:52  Armory  
  99  8:55  Banshee, Engineering Bay, Siege Tank  
  107  8:56  Marauder  
  107  9:00  Terran Infantry Weapons Level 1  
  109  9:06  SCV  
  109  9:07  SCV x2  
  112  9:11  Sensor Tower  
  112  9:13  Supply Depot  
  112  9:16  Supply Depot  
  112  9:17  Marauder  
  112  9:19  SCV x2  
  116  9:25  Sensor Tower  
  116  9:38  Banshee, Marauder  
  86  10:09  Marauder x3, Marine  
  86  10:10  Marine x3  
  96  10:27  Marine  
  96  10:28  Marine x3  
  100  10:29  Medivac  
  100  10:30  Marauder x3  
  100  10:31  Terran Infantry Armor Level 1, Siege Tank  
  100  10:35  SCV x3  
  114  10:45  Marine  
  114  10:46  Marine x3  
  114  10:47  SCV  
  119  10:51  Marauder  
  119  10:52  Marauder x2  
  125  10:58  Refinery  
  125  10:59  Medivac  
  125  11:01  Refinery  
  125  11:03  Marine x4  
  131  11:07  SCV x2  
  131  11:08  SCV  
  134  11:13  Marauder x3  
  134  11:19  SCV x2  
  134  11:20  SCV  
  134  11:21  Marine  
  138  11:29  Medivac  
  138  11:31  SCV  
  138  11:32  SCV  
  138  11:34  Marauder x2  
  136  11:40  Siege Tank x2  
  97  11:54  Marauder, Marine  
  97  11:55  Marine x3  
  97  11:56  Marauder x2  
  87  12:12  Marine, Siege Tank x2  
  87  12:13  Marine x3  
  94  12:15  Marauder  
  94  12:17  Marauder x2  
  96  12:30  Marine x2  
  96  12:31  Marine x2, Missile Turret  
  96  12:36  Sensor Tower  
  102  12:37  Marauder  
  102  12:38  Marauder x2  
  106  12:44  Siege Tank x2  
  106  12:48  Marine  
  113  12:53  Marine  
  113  12:54  Marine x2  
  113  12:56  Concussive Shells  
  113  12:57  Terran Infantry Armor Level 2, Terran Infantry Weapons Level 2  
  118  12:58  Marauder  
  118  13:00  Marauder x2, Terran Vehicle Weapons Level 1  
  118  13:01  Medivac  
  124  13:12  Command Center  
  124  13:18  Siege Tank x2  
  132  13:20  Marauder  
  132  13:21  Marauder  
  134  13:28  Marauder, Marine  
  134  13:31  Medivac  
  135  13:40  Command Center  
  135  13:41  Marauder  
  136  13:42  Marauder  
  135  13:50  Marauder  
  134  14:04  Medivac  
  134  14:05  Marauder x2  
  134  14:06  Marine x2  
  142  14:23  SCV x2  
  122  14:33  Medivac  
  110  14:46  Marauder x3  
  110  14:47  Marine x3  
  110  14:48  Siege Tank x2  
  125  14:54  SCV x2  
  125  14:58  Planetary Fortress  
  127  15:03  Medivac  
  127  15:06  SCV x2  
  131  15:07  Marauder x2  
  131  15:08  Marauder  
  121  15:29  Marauder  
  123  15:48  Marauder x2  
  124  15:50  Marauder  
  109  16:04  Marine  
  109  16:09  Marauder x2  
  113  16:11  Marauder, Siege Tank x2  
  115  16:18  Command Center  
  115  16:31  Marauder x2  
  119  16:40  Sensor Tower  
  119  16:41  SCV x2  
  119  16:42  SCV  
  119  16:43  Siege Tank  
  119  16:44  Siege Tank  
  128  16:53  SCV  
  129  17:00  Smart Servos  
  129  17:06  Factory  
  129  17:10  Terran Infantry Weapons Level 3  
  129  17:15  Siege Tank  
  129  17:16  Siege Tank  
  126  17:32  Command Center  
  87  18:05  Factory Reactor  
  77  18:25  Marauder x3, Marine  
  77  18:26  Orbital Command, Marine x3  
  87  18:29  Siege Tank  
  87  18:30  Siege Tank  
  93  18:43  Orbital Command, Marine x2  
  93  18:46  Marauder x3  
  101  18:50  Command Center  
  101  18:53  Widow Mine x2  
  105  19:02  Marine x4, Siege Tank x2  
Show
View Real Time Build Order
Export as new Build Order

Kadiriri Zerg - Winner!

Build Orders: Hatch First 

Get SALT Encoding   

  12  0:00  Drone  
  13  0:12  Overlord  
  13  0:17  Drone  
  14  0:30  Drone x2  
  16  0:51  Hatchery  
  16  0:54  Drone  
  16  0:57  Drone  
  16  1:00  Drone  
  18  1:09  Extractor  
  17  1:18  Spawning Pool  
  17  1:21  Drone  
  18  1:25  Drone  
  18  1:28  Drone  
  19  1:42  Drone  
  20  1:51  Drone  
  21  2:01  Drone  
  21  2:05  Queen x2  
  26  2:21  Metabolic Boost  
  26  2:29  Zergling x6  
  28  2:30  Overlord  
  28  2:31  Overlord  
  27  3:01  Drone x3  
  27  3:02  Overlord x2  
  30  3:11  Drone  
  31  3:29  Queen  
  31  3:30  Hatchery, Drone  
  31  3:31  Drone  
  34  3:40  Lair  
  34  3:48  Drone x4  
  36  3:50  Drone  
  39  4:00  Drone x4  
  39  4:01  Drone  
  44  4:05  Queen  
  46  4:10  Extractor x2, Spore Crawler  
  46  4:15  Drone  
  46  4:16  Drone  
  45  4:18  Drone  
  45  4:20  Drone  
  45  4:21  Extractor  
  45  4:23  Spore Crawler  
  45  4:41  Drone  
  45  4:42  Drone x5  
  51  4:59  Drone x2  
  55  5:00  Drone x8  
  60  5:11  Overlord x3  
  60  5:26  Roach Warren  
  60  5:28  Evolution Chamber x2  
  58  5:29  Drone, Baneling Nest  
  58  5:30  Drone x6  
  58  5:33  Spore Crawler  
  62  5:36  Pneumatized Carapace  
  62  5:38  Overseer  
  62  5:44  Drone x3  
  62  5:45  Drone  
  62  5:46  Drone  
  62  5:47  Drone  
  68  5:57  Zerg Missile Weapons Level 1, Zerg Melee Weapons Level 1  
  68  6:07  Roach  
  68  6:08  Roach x6  
  68  6:10  Roach  
  68  6:11  Zergling x2  
  85  6:13  Glial Reconstitution  
  85  6:29  Extractor  
  85  6:30  Extractor  
  83  6:44  Hatchery  
  83  6:46  Drone x5  
  83  6:47  Drone x3  
  90  6:49  Overlord x5  
  90  6:58  Spine Crawler  
  88  7:19  Centrifical Hooks  
  87  7:34  Roach x3  
  87  7:35  Roach x3  
  99  7:40  Hydralisk Den, Infestation Pit  
  96  7:51  Zerg Ground Armor Level 1  
  89  8:15  Drone x2  
  89  8:16  Drone x9  
  89  8:17  Drone x2  
  89  8:19  Grooved Spines  
  102  8:21  Hive  
  102  8:28  Zerg Missile Weapons Level 2  
  102  8:32  Lurker Den  
  101  8:43  Spore Crawler  
  101  8:45  Extractor, Spore Crawler x2  
  101  8:46  Extractor  
  96  9:03  Spine Crawler  
  94  9:11  Roach  
  94  9:12  Roach x16  
  94  9:13  Roach x4  
  94  9:14  Overlord x6  
  136  9:24  Spore Crawler  
  136  9:30  Muscular Augments  
  127  9:45  Zerg Melee Weapons Level 2  
  93  10:04  Seismic Spines  
  93  10:06  Adrenal Glands  
  81  10:24  Hydralisk  
  81  10:25  Hydralisk x9  
  81  10:26  Hydralisk x15  
  81  10:27  Hydralisk x2  
  133  10:39  Overseer x2  
  133  10:43  Zerg Ground Armor Level 2  
  133  10:56  Overseer  
  133  11:01  Adaptive Talons  
  133  11:07  Zergling x2  
  133  11:08  Zergling x30  
  133  11:09  Zergling x14  
  104  12:01  Zerg Missile Weapons Level 3  
  67  12:32  Hydralisk x8  
  67  12:33  Hydralisk x21  
  67  12:34  Hydralisk x2  
  129  12:46  Tunneling Claws  
  129  12:48  Burrow  
  129  12:59  Zerg Melee Weapons Level 3  
  129  13:02  Spine Crawler  
  128  13:08  Roach  
  128  13:09  Roach x9  
  128  13:11  Zergling x2  
  128  13:12  Zergling x2  
  150  13:13  Drone  
  150  13:15  Drone  
  150  13:16  Drone  
  150  13:18  Drone  
  98  14:33  Roach x7  
  98  14:34  Roach x12  
  108  14:56  Zerg Ground Armor Level 3  
  108  14:58  Hydralisk x3  
  108  14:59  Hydralisk x13  
  128  15:00  Hydralisk x2  
  140  15:27  Hatchery  
  139  15:38  Zergling x2  
  139  15:39  Zergling x6  
  87  16:18  Hydralisk x6  
  84  16:19  Hydralisk x10  
  116  16:46  Lurker x6  
  116  16:47  Lurker x4  
  126  16:48  Lurker  
  126  16:49  Hydralisk  
  126  16:50  Hydralisk  
  131  17:02  Spine Crawler  
  131  17:06  Hydralisk x2  
  131  17:07  Hydralisk x2  
  108  17:44  Hydralisk  
  108  17:45  Hydralisk x11  
  110  18:20  Zergling x10  
  110  18:21  Zergling x24  
  127  18:38  Zergling x2  
  127  18:39  Hydralisk x3  
  127  18:40  Hydralisk x2  
  138  18:42  Hatchery  
  138  18:45  Extractor x2  
  135  19:12  Hydralisk, Zergling x2  
  135  19:13  Hydralisk x8  
Tags
 
Add a new tag
Caveats
  • Supply blocks, unpowered buildings, or Contaminate may cause inaccurate times.
  • Supply counts are checked every 10 seconds.